 Dungeon Crawl Stone Soup version 0.18-a0-750-g37044d6 (webtiles) character file.

360 gorblad the Covered (level 6, -16/47 HPs)
             Began as a Demonspawn Fighter on Dec 11, 2015.
             Was an Initiate of Dithmenos.
             Demolished by an ogre
             ... wielding a +0 giant spiked club
              (25 damage)
             ... on level 4 of the Dungeon.
             The game lasted 00:08:23 (3512 turns).

gorblad the Covered (Demonspawn Fighter)            Turns: 3512, Time: 00:08:25

Health: -16/47     AC: 11    Str: 18    XL:     6   Next: 38%
Magic:  6/6        EV:  8    Int: 10    God:    Dithmenos [......]
Gold:   106        SH: 11    Dex: 11    Spells: 0 memorised, 5 levels left

rFire  . . .     SeeInvis .     a - +0 war axe
rCold  . . .     Clarity  .     b - +0 scale mail
rNeg   . . .     SustAt   .     c - +2 shield
rPois  .         Gourm    .     (helmet restricted)
rElec  .         Spirit   .     (no cloak)
rCorr  .         Dismiss  .     (no gloves)
rMut   .         Stasis   .     (no boots)
MR     .....                    (no amulet)
Stlth  +.........               (no ring)
                                (no ring)

@: not resistant to hostile enchantments, very unstealthy
A: antennae 1, rough black scales 1, nightstalker 1
a: Renounce Religion


You were on level 4 of the Dungeon.
You worshipped Dithmenos.
Dithmenos was noncommittal.
You were not hungry.

You visited 2 branches of the dungeon, and saw 5 of its levels.

You collected 106 gold pieces.

Inventory:

Hand Weapons
 a - a +0 war axe (weapon)
Missiles
 k - 12 tomahawks (quivered)
Armour
 b - a +0 scale mail (worn)
 c - a +2 shield (worn)
Wands
 f - a wand of fireball (6)
 n - a wand of magic darts (27)
Scrolls
 l - a scroll of remove curse
 o - a scroll of identify
Potions
 d - a potion of might
 g - 3 potions of curing
 j - a potion of resistance
Comestibles
 e - 5 bread rations
 h - 3 fruits
 i - a meat ration


   Skills:
 + Level 3.6 Fighting
 + Level 3.0 Axes
 + Level 1.3 Throwing
 + Level 4.0 Armour
 + Level 2.3 Dodging
 + Level 0.2 Stealth
 + Level 3.7 Shields


You had 5 spell levels left.
You didn't know any spells.

Dungeon Overview and Level Annotations

Branches:
Dungeon (4/15)             Temple (1/1) D:4

Altars:
Ashenzari
Cheibriados
Dithmenos
Fedhas
Kikubaaqudgha
Nemelex Xobeh
Pakellas
Ru
Sif Muna
Trog
Vehumet
Xom
Yredelemnul
The Shining One

Annotations:
D:4 Menkaure


Innate Abilities, Weirdness & Mutations

You have a pair of small antennae on your head.
You are partially covered in rough black scales (AC +4, Dex -1).
You are slightly more attuned to the shadows.


Message History

You slash the ogre!
The ogre is moderately wounded.
You block the ogre's attack. You block Menkaure's attack.
You barely miss Menkaure.
Menkaure is moderately damaged.
Your shield and scale mail prevent you from hitting the ogre.
The ogre is moderately wounded.
The ogre barely misses you. Menkaure hits you but does no damage.
The ogre hits you with a giant spiked club!!
* * * LOW HITPOINT WARNING * * *
Menkaure mumbles some strange words.
Menkaure seems to speed up.
Drink which item? (? for menu, Esc to quit)
You feel better.
Menkaure calls on the powers of darkness!
The ogre convulses!
Your body is wracked with pain!
* * * LOW HITPOINT WARNING * * *
The ogre hits you with a giant spiked club!!
Ouch! That really hurt!
You die...

# ##.#..#####....... ..
##.#....##.......#
..##....###....##....#
.......###.....# #...
...>...(##...#.# ..
.............#.## ..
......#......##.### ...
............###.#.##..#
................@##...#
.............###O#....#
...........#####M...#
........##........###
.................##
>................#
......#####.....##
......# ...... ....#...
......


You could see an ogre and Menkaure.

Vanquished Creatures
  Eustachio (D:4)
  Ijyb (D:3)
  Jessica (D:2)
  An iguana (D:4)
  The ghost of M4edhros the Charlatan, a weakling OpAr (D:3)
  6 adders
  An adder skeleton (D:4)
  A worm (D:4)
  2 giant geckos
  6 orcs (D:3)
  6 bats
  2 giant cockroaches
  12 hobgoblins
  2 jackals (D:3)
  7 kobolds
  2 ball pythons
  5 giant newts
  12 goblins
  A quokka (D:3)
  7 rats
  A butterfly (Temple)
78 creatures vanquished.

Notes
Turn   | Place    | Note
--------------------------------------------------------------
     0 | D:1      | gorblad the Demonspawn Fighter began the quest for the Orb.
     0 | D:1      | Reached XP level 1. HP: 18/18 MP: 1/1
   215 | D:1      | Gained mutation: You are slightly more attuned to the shadows. [demonic ancestry]
   215 | D:1      | Reached XP level 2. HP: 18/24 MP: 2/2
  1038 | D:2      | Gained mutation: You have a pair of small antennae on your head. [demonic ancestry]
  1038 | D:2      | Reached XP level 3. HP: 25/29 MP: 3/3
  1055 | D:2      | Noticed Jessica
  1064 | D:2      | Killed Jessica
  1605 | D:2      | Gained mutation: You are partially covered in rough black scales (AC +4, Dex -1). [demonic ancestry]
  1605 | D:2      | Reached XP level 4. HP: 35/35 MP: 4/4
  1846 | D:3      | Found a bloodstained altar of Trog.
  1846 | D:3      | Found a snail-covered altar of Cheibriados.
  1853 | D:3      | Reached skill level 1 in Dodging
  2263 | D:3      | Noticed Ijyb
  2279 | D:3      | Killed Ijyb
  2279 | D:3      | Reached XP level 5. HP: 33/41 MP: 5/5
  2337 | D:3      | Noticed M4edhros's ghost (weakling OpAr)
  2353 | D:3      | Killed M4edhros's ghost
  2665 | D:4      | Found a staircase to the Ecumenical Temple.
  2698 | D:4      | Noticed Eustachio
  2742 | D:4      | Killed Eustachio
  2742 | D:4      | Reached skill level 1 in Throwing
  2742 | D:4      | Reached skill level 4 in Armour
  2742 | D:4      | Reached XP level 6. HP: 17/47 MP: 6/6
  2962 | Temple   | Entered the Ecumenical Temple
  3397 | Temple   | Became a worshipper of Dithmenos the Shadowed
  3502 | D:4      | Noticed Menkaure
  3512 | D:4      | Demolished by an ogre

Vault maps used:
D:1:      dpeg_arrival_chambers_temple_mockup
D:2:      uniq_jessica
D:3:      kennysheep_the_goblin_king, nicolae_overflow_hidden_temple
D:4:      minmay_temple_entry_butterflies, first_bread, uniq_eustachio,
          uniq_menkaure
Temple:   minmay_temple_forest_path_12

Action                   |  1- 3 |  4- 6 || total
-------------------------+-------+-------++-------
Melee: War axe           |    92 |   182 ||   274
Throw: Tomahawk          |     5 |    43 ||    48
  Use: Scroll            |     3 |     6 ||     9
       Potion            |       |     1 ||     1
  Eat: Chunk             |     2 |     7 ||     9
